 Dungeon Crawl Stone Soup version 0.19.0-2-gae57169 (webtiles) character file.

101 lorenzova the Conjurer (level 4, 0/24 HPs)
             Began as a Deep Elf Conjurer on Nov 3, 2016.
             Slain by a sky beast (6 damage)
             ... on level 3 of the Dungeon.
             The game lasted 00:04:50 (2271 turns).

lorenzova the Conjurer (Deep Elf Conjurer)          Turns: 2271, Time: 00:04:50

Health: 0/24       AC:  2    Str:  5    XL:     4   Next: 48%
Magic:  2/13       EV: 13    Int: 21    God:
Gold:   73         SH:  0    Dex: 15    Spells: 2 memorised, 8 levels left

rFire  . . .     SeeInvis .     p - +2 mace (crush)
rCold  . . .     Gourm    .     a - +0 robe
rNeg   . . .     Faith    .     (no shield)
rPois  .         Spirit   .     (no helmet)
rElec  .         Reflect  .     (no cloak)
rCorr  .         Harm     .     (no gloves)
MR     .....                    (no boots)
Stlth  ++........               (no amulet)
                                (no ring)
                                (no ring)

@: no status effects
A: no striking features
a: no special abilities


You were on level 3 of the Dungeon.
You were not hungry.

You visited 1 branch of the dungeon, and saw 3 of its levels.

You collected 73 gold pieces.

Inventory:

Hand Weapons
 p - a +2 mace of crushing (weapon)
Armour
 a - a +0 robe (worn)
 e - a +2 ring mail of magic resistance
Jewellery
 d - an uncursed ring of fire
Scrolls
 h - a scroll of remove curse
 j - 2 scrolls of identify {unknown}
 l - a scroll of random uselessness {unknown}
 o - a scroll of immolation {unknown}
Potions
 g - 2 potions of curing {unknown}
 i - a potion of magic {unknown}
 m - 2 potions of lignification {unknown}
 n - a potion of berserk rage {unknown}
Books
 b - a book of Conjurations

   Spells                             Type                      Level
   a - Magic Dart                     Conjuration                  1
   b - Searing Ray                    Conjuration                  2
   c - Dazzling Spray                 Conjuration/Hexes            3
   d - Fulminant Prism                Conjuration/Hexes            4
   e - Iskenderun's Mystic Blast      Conjuration                  4
   f - Iskenderun's Battlesphere      Conjuration/Charms           5
Comestibles
 c - 3 bread rations
 f - a royal jelly
 k - a meat ration


   Skills:
 - Level 2.4 Dodging
 - Level 2.4 Stealth
 + Level 5.2 Spellcasting
 + Level 5.4 Conjurations


You had 8 spell levels left.
You knew the following spells:

 Your Spells              Type           Power        Failure   Level  Hunger
a - Magic Dart            Conj           ####         1%          1    None
c - Iskenderun's Mystic   Conj           ####....     14%         4    ####...


Dungeon Overview and Level Annotations

Branches:
Dungeon (3/15)

Altars:

Annotations:
D:2 Sigmund


Message History

Casting: Magic Dart
Confirm with . or Enter, or press ? or * to list all spells.
You can't see any susceptible monsters within range! (Use Z to cast anyway.)
There is a strange disturbance nearby!
Casting: Magic Dart
Confirm with . or Enter, or press ? or * to list all spells.
Aiming: Iskenderun's Mystic Blast
Press: ? - help, Shift-Dir - straight line Something hits you.
Something shocks you.
You hit something. Something hits you. Something shocks you.
* * * LOW HITPOINT WARNING * * *
You miss something. Something completely misses you.
Casting: Iskenderun's Mystic Blast
Confirm with . or Enter, or press ? or * to list all spells.
Aiming: Iskenderun's Mystic Blast
Press: ? - help, Shift-Dir - straight line Something hits you.
* * * LOW HITPOINT WARNING * * *
Something shocks you.
You die...

######### ..
###.......# ..
#.........#### .#
#.#.#.........###.
#.#.#.###†### .#..
#.#....##<# ..#
#.#..#....# #{#
#....#....# #@#
#....#....# ##'##
#.#######.# ##...##
#....#....# ##.....##
####.#.######.......#
####.#.†####.........#
...........).........+
#####...####.........#
#..## ##.......##


There were no monsters in sight!

Vanquished Creatures
  2 adders
  An ooze (D:1)
  2 worms (D:2)
  3 dart slugs
  3 leopard geckos
  3 ball pythons
  4 bats
  2 giant cockroaches
  7 goblins
  10 hobgoblins (D:1)
  A quokka (D:2)
  6 frilled lizards
  12 kobolds
  6 rats
62 creatures vanquished.

Notes
Turn   | Place    | Note
-------+----------+-------------------------------------------
     0 | D:1      | lorenzova the Deep Elf Conjurer began the quest for the Orb.
     0 | D:1      | Reached XP level 1. HP: 10/10 MP: 6/6
   238 | D:1      | Reached XP level 2. HP: 15/15 MP: 4/8
   723 | D:1      | Reached XP level 3. HP: 15/19 MP: 5/10
   800 | D:1      | Reached skill level 5 in Conjurations
  1667 | D:2      | Noticed Sigmund
  1830 | D:2      | Reached XP level 4. HP: 22/24 MP: 7/12
  1851 | D:2      | Learned a level 4 spell: Iskenderun's Mystic Blast
  1902 | D:2      | Reached skill level 5 in Spellcasting
  2260 | D:3      | Noticed a sky beast
  2271 | D:3      | Slain by a sky beast

Skill      XL: |  1  2  3  4 |
---------------+-------------+-----
Spellcasting   | 4 5 |  5.2
Conjurations   | 5 |  5.4
Dodging        | |  2.4
Stealth        | |  2.4

Action                   |  1- 3 |  4- 6 || total
-------------------------+-------+-------++-------
Melee: Mace              |       |     6 ||     6
 Cast: Magic Dart        |   112 |    25 ||   137
       Iskenderun's Myst |       |     2 ||     2
  Use: Scroll            |     3 |       ||     3
  Eat: Chunk             |     2 |     2 ||     4
Armor: Robe              |     1 |     2 ||     3
Dodge: Dodged            |    10 |     6 ||    16
